 Dungeon Crawl Stone Soup version 0.27.1 (webtiles) character file.

Game seed: 2537744969416758416

76 Kala the Conjurer (level 4, 0/33 HPs)
             Began as a Draconian Conjurer on Sept 2, 2021.
             Slain by a hound (3 damage)
             ... on level 3 of the Dungeon.
             The game lasted 00:07:41 (1906 turns).

Kala the Conjurer (Draconian Conjurer)              Turns: 1906, Time: 00:07:42

Health: 0/33       AC:  5    Str:  9    XL:     4   Next: 12%
Magic:  0/7        EV: 12    Int: 19    God:
Gold:   69         SH:  0    Dex: 10    Spells: 4/7 levels left

rFire    . . .     SeeInvis .   (no weapon)
rCold    . . .     Faith    .   (no shield)
rNeg     . . .     Spirit   .   (armour unavailable)
rPois    .         Reflect  .   (helmet restricted)
rElec    .         Harm     .   (no cloak)
rCorr    .         Rampage  .   (no gloves)
Will     .....                  (no boots)
Stlth    ++........             (no amulet)
HPRegen  0.11/turn              (no ring)
MPRegen  0.10/turn              (no ring)

@: no status effects
A: AC +5, unfitting armour, cold-blooded
a: no special abilities


You were on level 3 of the Dungeon.
You visited 1 branch of the dungeon, and saw 3 of its levels.

You collected 69 gold pieces.

Inventory:

Scrolls
 c - a scroll of identify {unknown}
Potions
 a - a potion of invisibility {unknown}
 b - a potion of berserk rage {unknown}


   Skills:
 + Level 0.1 Fighting
 + Level 2.0 Dodging
 + Level 2.0 Stealth
 + Level 0.1 Unarmed Combat
 + Level 2.4 Spellcasting
 + Level 5.2 Conjurations


You had 4 spell levels left.
You knew the following spells:

 Your Spells              Type           Power      Damage    Failure   Level
a - Magic Dart            Conj           88%        1d7       1%          1
b - Searing Ray           Conj           44%        3d4       2%          2

Your spell library contained the following spells:

 Spells                   Type           Power      Damage    Failure   Level
 Dazzling Flash           Conj/Hex       24%        N/A       17%         3
 Fulminant Prism          Conj/Hex       6%         3d7       50%         4
 Iskenderun's Mystic Bla  Conj/Tloc      12%        2d5       50%         4


Dungeon Overview and Level Annotations

Branches:
Dungeon (3/15)

Altars:

Shops:
D:1 *

Annotations:
D:2 Natasha


Innate Abilities, Weirdness & Mutations

Your plain brown scales are hard. (AC +5)
You cannot fit into any form of body armour.
You are cold-blooded and may be slowed by cold attacks.


Message History

The hound is severely wounded.
The hound bites you. x2
You miss the hound.
The hound is severely wounded.
The hound barely misses you.
You hit the hound but do no damage.
The hound is severely wounded.
The hound bites you but does no damage. The hound bites you.
* * * LOW HITPOINT WARNING * * *
You closely miss the hound.
The hound is severely wounded.
The hound barely misses you.
Casting: Magic Dart (safe; 1% risk of failure)
Confirm with . or Enter, or press ? or * to list all spells.
Aiming: Magic Dart (safe; 1% risk of failure)
Press: ? - help, Shift-Dir - straight line, f/p - hound
Aim: a hound (severely wounded, 100% to hit)
The magic dart hits the hound but does no damage.
The hound is severely wounded.
The hound bites you but does no damage.
The hound stops to sniff the ground.
The hound bites you.
* * * LOW HITPOINT WARNING * * *
The hound barely misses you. The hound closely misses you.
The hound barely misses you. The hound bites you.
* * * LOW HITPOINT WARNING * * *
The hound closely misses you.
Casting: Magic Dart (safe; 1% risk of failure)
Confirm with . or Enter, or press ? or * to list all spells.
Aiming: Magic Dart (safe; 1% risk of failure)
Press: ? - help, Shift-Dir - straight line, f/p - hound
Aim: a hound (severely wounded, 100% to hit)
The magic dart hits the hound.
The hound is almost dead.
The hound barely misses you. The hound barely misses you. The hound bites you.
You die...

#..####..## ##. #..###...## . ...
#..##.###.## ..###.### #.....#
#... ........# ##.##.###.##
#.....#...###########.###...##
.....................####.##
.....##..##...........###.####
...........#@h..........#....
#####.####..############.###.####
......####..#### #...##.#
####...........# #...##.#
............##.# #...#..#
####.<..###.# # ##.##..#
............# #.##.P#+#+
#####...##### #.#...†.). ##..#
#######.#..P#...


You could see a hound.

Vanquished Creatures
  A hound (D:3)
  A gnoll (D:3)
  A dart slug (D:3)
  2 bats (D:1)
  3 endoplasms (D:1)
  3 giant cockroaches (D:1)
  A goblin (D:1)
  6 hobgoblins (D:1)
  3 kobolds (D:1)
  A quokka (D:1)
  3 ball pythons (D:1)
  4 frilled lizards
  3 rats
32 creatures vanquished.

Notes
Turn   | Place    | Note
-------+----------+-------------------------------------------
     0 | D:1      | Kala the Draconian Conjurer began the quest for the Orb.
     0 | D:1      | Reached XP level 1. HP: 14/14 MP: 3/3
   390 | D:1      | Found Xiteaq's Assorted Antiques.
   498 | D:1      | Reached XP level 2. HP: 20/20 MP: 3/5
   627 | D:1      | Learned a level 2 spell: Searing Ray
  1481 | D:1      | Reached XP level 3. HP: 26/26 MP: 4/6
  1731 | D:2      | Noticed Natasha
  1866 | D:3      | Reached skill level 5 in Conjurations
  1866 | D:3      | Reached XP level 4. HP: 22/33 MP: 0/7
  1906 | D:3      | Slain by a hound

Illustrated notes

Levels and vault maps discovered:
D:1:      matt_arrival_refuge, layout_basic, serial_shops,
          nicolae_shop_statue_plus
D:2:      layout_basic, dreamdust_ecumenical_altar_grove, serial_shops,
          nicolae_shop_crystal, uniq_natasha, uniq_jessica
D:3:      layout_loops_ring, dancing_weapons_uskayaw, cheibrodos_gnoll_hut

Skill      XL: |  1  2  3 |
---------------+----------+-----
Dodging        | 2 |  2.0
Stealth        | 2 |  2.0
Conjurations   | 5 |  5.2
Fighting       | |  0.1
Unarmed Combat | |  0.1
Spellcasting   | |  2.4

Action                   |  1- 3 |  4- 6 || total
-------------------------+-------+-------++-------
Melee: Unarmed           |    27 |    18 ||    45
       Tailslap          |       |     1 ||     1
 Cast: Magic Dart        |    43 |     4 ||    47
       Searing Ray       |     8 |       ||     8
Armor: Skin              |     7 |     8 ||    15
Dodge: Dodged            |    25 |    22 ||    47
